[ PARTIDA AOE2 · #506904669 ]
UnrankedBirmanos vs Dravidians
Equipo del jugador · VICT
Equipo rival · DERR
[ ANÁLISIS DE REPETICIÓN · EXTRAÍDO DE LA PARTIDA GRABADA ]
Feudal
8:51
Castillos
19:26
Imperial
40:56
| APM promedio | 74.1 |
| APM pico | 109 |
| eAPM promedio | 34.4 |
| Aldeanos / militares | 141 / 132 |
Foco
⚔️ 44.1% · 🌾 55.9%
Arambai ×44 · Scout Cavalry ×39 · Knight ×15 · Spearman ×10 · Monk ×9 · Skirmisher ×6
Feudal
9:45
Castillos
22:54
Imperial
—
| APM promedio | 49.6 |
| APM pico | 87 |
| eAPM promedio | 22.2 |
| Aldeanos / militares | 142 / 53 |
Foco
⚔️ 36.8% · 🌾 63.2%
Spearman ×13 · Battle Elephant ×10 · Archer ×8 · Scout Cavalry ×8 · Skirmisher ×6 · Monk ×4
Mapa de la partida
Recursos iniciales + cada clic de construcción. Líneas = muros · curvas = relieve. ◆ oro · ⬟ piedra · ● bayas · ✦ reliquia · ◌ hueco del cierre
Tu base· Abierta — flanco sin cerrar
Base de overkill_0.1· ✓ Cerrada en 22:54 · 72t muro · 4 puerta(s)
Terreno inicial suavizado · ◌ = hueco del cierre detectado · pasá el cursor para detalles
Inputs por minuto
— unfold - - overkill_0.1
Build order — unfold
Primeras 150 de 407 acciones detectadas
| 0:00 | Crear | Villager (Male) |
| 0:01 | Crear | Villager (Male) |
| 0:01 | Construir | House |
| 0:02 | Construir | House |
| 0:08 | Crear | Villager (Male) |
| 0:16 | Crear | Villager (Male) |
| 1:26 | Crear | Villager (Male) |
| 1:57 | Crear | Villager (Male) |
| 1:57 | Crear | Villager (Male) |
| 2:09 | Construir | House |
| 2:16 | Crear | Villager (Male) |
| 2:19 | Construir | House |
| 2:41 | Crear | Villager (Male) |
| 2:47 | Construir | Lumber Camp |
| 3:11 | Crear | Villager (Male) |
| 3:32 | Crear | Villager (Male) |
| 3:59 | Crear | Villager (Male) |
| 4:05 | Crear | Villager (Male) |
| 4:50 | Crear | Villager (Male) |
| 5:13 | Crear | Villager (Male) |
| 5:32 | Construir | Barracks |
| 5:36 | Crear | Villager (Male) |
| 5:39 | Investigar | Loom |
| 6:18 | Construir | House |
| 6:41 | Investigar | Feudal Age |
| 6:43 | Crear | Militia |
| 7:10 | Crear | Militia |
| 7:14 | Crear | Militia |
| 7:45 | Construir | Mill |
| 8:20 | Crear | Villager (Male) |
| 8:43 | Crear | Villager (Male) |
| 8:51 | Edad | Edad Feudal |
| 8:52 | Investigar | Man-at-Arms (upgrade) |
| 8:54 | Crear | Villager (Male) |
| 9:01 | Construir | House |
| 9:07 | Crear | Villager (Male) |
| 9:17 | Construir | Mill |
| 9:23 | Crear | Villager (Male) |
| 9:32 | Crear | Villager (Male) |
| 9:35 | Construir | House |
| 9:36 | Construir | Palisade Wall |
| 9:51 | Construir | Farm |
| 10:05 | Crear | Villager (Male) |
| 10:08 | Construir | Farm |
| 10:21 | Crear | Villager (Male) |
| 10:28 | Construir | Farm |
| 10:29 | Construir | Farm |
| 10:35 | Construir | House |
| 10:36 | Construir | Palisade Wall |
| 10:37 | Construir | Palisade Wall |
| 10:40 | Crear | Villager (Male) |
| 11:10 | Construir | Stable |
| 11:15 | Crear | Villager (Male) |
| 11:22 | Construir | House |
| 11:30 | Crear | Villager (Male) |
| 11:39 | Crear | Scout Cavalry |
| 11:39 | Crear | Scout Cavalry |
| 11:41 | Crear | Villager (Male) |
| 11:56 | Crear | Villager (Male) |
| 12:07 | Construir | Archery Range |
| 12:14 | Crear | Scout Cavalry |
| 12:27 | Crear | Villager (Male) |
| 12:34 | Crear | Villager (Male) |
| 12:41 | Construir | Farm |
| 12:44 | Crear | Skirmisher |
| 12:53 | Crear | Villager (Male) |
| 12:59 | Crear | Skirmisher |
| 13:06 | Construir | Farm |
| 13:10 | Crear | Villager (Male) |
| 13:12 | Construir | Farm |
| 13:17 | Construir | House |
| 13:27 | Crear | Skirmisher |
| 13:36 | Crear | Villager (Male) |
| 13:38 | Crear | Skirmisher |
| 13:43 | Construir | Palisade Wall |
| 13:52 | Construir | Farm |
| 13:54 | Construir | Farm |
| 14:06 | Crear | Villager (Male) |
| 14:11 | Crear | Skirmisher |
| 14:16 | Crear | Villager (Male) |
| 14:29 | Crear | Villager (Male) |
| 14:32 | Construir | Mining Camp |
| 14:36 | Construir | Farm |
| 14:42 | Crear | Skirmisher |
| 14:52 | Construir | Farm |
| 14:53 | Crear | Villager (Male) |
| 15:21 | Crear | Villager (Male) |
| 15:24 | Construir | Market |
| 15:38 | Crear | Villager (Male) |
| 15:40 | Crear | Villager (Male) |
| 15:42 | Construir | House |
| 16:29 | Crear | Villager (Male) |
| 16:40 | Investigar | Castle Age |
| 17:15 | Construir | Stable |
| 17:27 | Investigar | Gold Mining |
| 17:37 | Construir | Farm |
| 18:04 | Investigar | Bloodlines |
| 18:17 | Construir | Palisade Gate |
| 18:18 | Construir | House |
| 18:24 | Crear | Villager (Male) |
| 18:25 | Construir | Blacksmith |
| 18:47 | Crear | Villager (Male) |
| 18:51 | Construir | Farm |
| 18:59 | Investigar | Scale Barding Armor |
| 19:26 | Edad | Edad de los Castillos |
| 19:27 | Crear | Knight |
| 19:28 | Crear | Knight |
| 19:28 | Crear | Villager (Male) |
| 19:32 | Investigar | Wheelbarrow |
| 19:36 | Crear | Knight |
| 19:37 | Crear | Knight |
| 19:50 | Construir | House |
| 19:52 | Construir | House |
| 19:54 | Construir | House |
| 20:08 | Crear | Knight |
| 20:08 | Crear | Knight |
| 20:20 | Crear | Villager (Male) |
| 20:27 | Crear | Knight |
| 20:34 | Construir | Farm |
| 20:44 | Crear | Villager (Male) |
| 20:47 | Construir | Siege Workshop |
| 20:58 | Construir | Mining Camp |
| 20:59 | Crear | Knight |
| 21:19 | Crear | Knight |
| 21:39 | Crear | Villager (Male) |
| 21:40 | Crear | Villager (Male) |
| 21:57 | Crear | Villager (Male) |
| 21:59 | Crear | Knight |
| 22:02 | Crear | Villager (Male) |
| 22:11 | Crear | Battering Ram |
| 22:11 | Crear | Battering Ram |
| 22:15 | Construir | House |
| 22:20 | Crear | Villager (Male) |
| 22:26 | Crear | Villager (Male) |
| 22:35 | Construir | Lumber Camp |
| 22:50 | Crear | Knight |
| 22:51 | Crear | Villager (Male) |
| 23:08 | Crear | Villager (Male) |
| 23:13 | Crear | Villager (Male) |
| 23:14 | Crear | Knight |
| 23:41 | Crear | Scorpion |
| 24:03 | Crear | Scorpion |
| 24:23 | Crear | Villager (Male) |
| 24:23 | Crear | Villager (Male) |
| 24:25 | Crear | Villager (Male) |
| 24:33 | Crear | Scorpion |
| 24:38 | Crear | Villager (Male) |
| 24:41 | Crear | Villager (Male) |
| 24:45 | Construir | Town Center |
| 24:57 | Crear | Villager (Male) |
Build order — overkill_0.1
Primeras 150 de 273 acciones detectadas
| 0:00 | Crear | Villager (Male) ×4 |
| 0:00 | Crear | Villager (Male) ×4 |
| 0:02 | Construir | House |
| 0:03 | Construir | House |
| 1:24 | Crear | Villager (Male) |
| 1:24 | Crear | Villager (Male) |
| 1:50 | Crear | Villager (Male) |
| 1:54 | Construir | Lumber Camp |
| 2:32 | Crear | Villager (Male) |
| 2:33 | Crear | Villager (Male) |
| 2:59 | Crear | Villager (Male) |
| 3:10 | Crear | Villager (Male) |
| 3:27 | Construir | House |
| 3:50 | Construir | Palisade Wall |
| 3:51 | Construir | Palisade Wall |
| 3:52 | Construir | Palisade Wall |
| 3:56 | Crear | Villager (Male) |
| 3:56 | Crear | Villager (Male) |
| 4:09 | Crear | Villager (Male) |
| 4:35 | Construir | Mill |
| 4:46 | Construir | Mill |
| 4:51 | Crear | Villager (Male) |
| 4:51 | Crear | Villager (Male) |
| 5:14 | Crear | Villager (Male) ×2 |
| 5:14 | Crear | Villager (Male) ×2 |
| 5:26 | Investigar | Loom |
| 6:00 | Crear | Villager (Male) ×3 |
| 7:35 | Investigar | Feudal Age |
| 7:49 | Construir | Palisade Wall |
| 7:50 | Construir | Palisade Wall |
| 8:15 | Construir | Barracks |
| 8:57 | Crear | Villager (Male) |
| 9:01 | Construir | House |
| 9:21 | Construir | House |
| 9:23 | Construir | Palisade Wall |
| 9:32 | Construir | House |
| 9:35 | Construir | Palisade Gate |
| 9:37 | Construir | Palisade Wall |
| 9:45 | Edad | Edad Feudal |
| 9:47 | Crear | Villager (Male) |
| 9:57 | Construir | Archery Range |
| 9:59 | Construir | Palisade Wall |
| 10:04 | Construir | Farm |
| 10:07 | Construir | Farm |
| 10:08 | Investigar | Double-Bit Axe |
| 10:25 | Construir | Palisade Wall |
| 10:28 | Construir | Palisade Wall |
| 10:31 | Crear | Villager (Male) |
| 10:42 | Crear | Archer |
| 10:50 | Construir | Palisade Wall |
| 10:53 | Construir | Palisade Wall |
| 10:56 | Crear | Villager (Male) |
| 10:56 | Crear | Villager (Male) |
| 11:10 | Crear | Archer |
| 11:15 | Crear | Villager (Male) |
| 11:25 | Construir | Farm |
| 11:29 | Crear | Archer |
| 11:41 | Construir | Palisade Wall |
| 11:44 | Construir | Palisade Wall |
| 12:02 | Construir | Palisade Wall |
| 12:09 | Crear | Villager (Male) |
| 12:13 | Construir | Farm |
| 12:14 | Construir | Farm |
| 12:15 | Construir | Farm |
| 12:18 | Crear | Villager (Male) |
| 12:19 | Crear | Villager (Male) |
| 12:19 | Crear | Villager (Male) |
| 12:35 | Crear | Villager (Male) |
| 12:35 | Crear | Villager (Male) |
| 12:42 | Construir | Mill |
| 12:53 | Crear | Archer |
| 12:54 | Crear | Villager (Male) ×4 |
| 13:11 | Construir | House |
| 13:12 | Construir | House |
| 13:26 | Construir | Palisade Wall |
| 13:31 | Construir | House |
| 13:31 | Construir | Palisade Wall |
| 13:43 | Construir | Farm |
| 14:16 | Crear | Villager (Male) |
| 14:17 | Crear | Villager (Male) |
| 14:32 | Crear | Villager (Male) |
| 14:35 | Construir | Mining Camp |
| 14:42 | Construir | Blacksmith |
| 15:07 | Construir | Farm |
| 15:36 | Construir | Stable |
| 15:40 | Crear | Archer |
| 15:52 | Construir | House |
| 15:54 | Construir | House |
| 16:09 | Construir | House |
| 16:15 | Crear | Scout Cavalry ×5 |
| 16:16 | Crear | Villager (Male) ×2 |
| 16:18 | Crear | Archer |
| 16:29 | Investigar | Fletching |
| 16:51 | Construir | House |
| 16:54 | Construir | Palisade Wall |
| 17:07 | Crear | Scout Cavalry |
| 17:07 | Crear | Scout Cavalry |
| 17:08 | Crear | Archer |
| 17:09 | Crear | Archer |
| 17:09 | Crear | Villager (Male) ×5 |
| 17:10 | Crear | Villager (Male) |
| 17:20 | Construir | Palisade Wall |
| 17:51 | Construir | House |
| 17:57 | Crear | Scout Cavalry |
| 17:57 | Crear | Villager (Male) |
| 18:00 | Construir | Market |
| 18:11 | Construir | Farm |
| 18:12 | Construir | Farm |
| 18:13 | Construir | Farm |
| 18:59 | Construir | Farm |
| 19:04 | Construir | Farm |
| 19:04 | Construir | Farm |
| 19:04 | Construir | Farm |
| 19:04 | Construir | Farm |
| 19:05 | Construir | Farm |
| 19:06 | Crear | Villager (Male) |
| 19:24 | Investigar | Wheelbarrow |
| 19:44 | Construir | Farm |
| 19:49 | Construir | Palisade Wall |
| 19:53 | Construir | House |
| 19:56 | Construir | Palisade Wall |
| 19:58 | Construir | Palisade Wall |
| 20:00 | Construir | Palisade Gate |
| 20:14 | Investigar | Castle Age |
| 20:33 | Crear | Spearman ×4 |
| 20:37 | Construir | Palisade Gate |
| 20:55 | Construir | Palisade Gate |
| 21:01 | Construir | House |
| 21:06 | Crear | Villager (Male) |
| 21:12 | Construir | House |
| 21:16 | Construir | Palisade Wall |
| 21:18 | Construir | House |
| 21:27 | Investigar | Scale Mail Armor |
| 21:31 | Construir | Farm |
| 21:45 | Investigar | Horse Collar |
| 22:00 | Crear | Spearman |
| 22:00 | Crear | Spearman |
| 22:01 | Crear | Spearman |
| 22:14 | Construir | Palisade Wall |
| 22:15 | Construir | Palisade Wall |
| 22:25 | Crear | Villager (Male) |
| 22:29 | Construir | House |
| 22:31 | Construir | Palisade Wall |
| 22:54 | Edad | Edad de los Castillos |
| 22:59 | Construir | Monastery |
| 23:05 | Crear | Battle Elephant ×3 |
| 23:11 | Investigar | Pikeman (upgrade) |
| 23:14 | Investigar | Forging |
| 23:23 | Construir | House |
| 23:26 | Construir | Palisade Wall |
Cronología de la partida
| 3:50 | overkill_0.1 · wall_segment Palisade Wall x1 |
| 3:51 | overkill_0.1 · wall_segment Palisade Wall x1 |
| 3:52 | overkill_0.1 · wall_segment Palisade Wall x1 |
| 5:32 | unfold · first_building Barracks |
| 7:49 | overkill_0.1 · wall_segment Palisade Wall x1 |
| 7:50 | overkill_0.1 · wall_segment Palisade Wall x1 |
| 8:15 | overkill_0.1 · first_building Barracks |
| 8:51 | unfold · age_up feudal |
| 9:23 | overkill_0.1 · wall_segment Palisade Wall x1 |
| 9:36 | unfold · wall_segment Palisade Wall x1 |
| 9:37 | overkill_0.1 · wall_segment Palisade Wall x1 |
| 9:45 | overkill_0.1 · age_up feudal |
| 9:57 | overkill_0.1 · first_building Archery Range |
| 9:59 | overkill_0.1 · wall_segment Palisade Wall x1 |
| 10:25 | overkill_0.1 · wall_segment Palisade Wall x3 |
| 10:28 | overkill_0.1 · wall_segment Palisade Wall x1 |
| 10:36 | unfold · wall_segment Palisade Wall x1 |
| 10:37 | unfold · wall_segment Palisade Wall x3 |
| 10:50 | overkill_0.1 · wall_segment Palisade Wall x2 |
| 10:53 | overkill_0.1 · wall_segment Palisade Wall x1 |
| 11:10 | unfold · first_building Stable |
| 11:41 | overkill_0.1 · wall_segment Palisade Wall x2 |
| 11:44 | overkill_0.1 · wall_segment Palisade Wall x9 |
| 12:02 | overkill_0.1 · wall_segment Palisade Wall x12 |
| 12:07 | unfold · first_building Archery Range |
| 13:26 | overkill_0.1 · wall_segment Palisade Wall x7 |
| 13:31 | overkill_0.1 · wall_segment Palisade Wall x1 |
| 13:43 | unfold · wall_segment Palisade Wall x6 |
| 15:36 | overkill_0.1 · first_building Stable |
| 16:36 | unfold · first_market_sell 500 stone |
| 16:39 | unfold · first_market_buy 100 food |
| 16:54 | overkill_0.1 · wall_segment Palisade Wall x1 |
| 17:20 | overkill_0.1 · wall_segment Palisade Wall x1 |
| 19:26 | unfold · age_up castle |
| 19:33 | overkill_0.1 · first_market_buy 100 food |
| 19:36 | overkill_0.1 · first_market_sell 500 stone |
| 19:49 | overkill_0.1 · wall_segment Palisade Wall x11 |
| 19:56 | overkill_0.1 · wall_segment Palisade Wall x4 |
| 19:58 | overkill_0.1 · wall_segment Palisade Wall x5 |
| 20:47 | unfold · first_building Siege Workshop |
| 21:16 | overkill_0.1 · wall_segment Palisade Wall x1 |
| 22:14 | overkill_0.1 · wall_segment Palisade Wall x1 |
| 22:15 | overkill_0.1 · wall_segment Palisade Wall x1 |
| 22:31 | overkill_0.1 · wall_segment Palisade Wall x1 |
| 22:54 | overkill_0.1 · age_up castle |
| 22:59 | overkill_0.1 · first_building Monastery |
| 23:26 | overkill_0.1 · wall_segment Palisade Wall x1 |
| 23:39 | overkill_0.1 · wall_segment Palisade Wall x1 |
| 25:01 | unfold · first_building Monastery |
| 26:36 | overkill_0.1 · wall_segment Palisade Wall x1 |
| 26:45 | overkill_0.1 · wall_segment Palisade Wall x1 |
| 27:36 | unfold · first_building Castle |
| 28:30 | unfold · wall_segment Palisade Wall x1 |
| 30:50 | overkill_0.1 · first_building Siege Workshop |
| 31:37 | overkill_0.1 · wall_segment Palisade Wall x4 |
| 31:40 | overkill_0.1 · wall_segment Palisade Wall x16 |
| 33:03 | overkill_0.1 · first_building Castle |
| 40:56 | unfold · age_up imperial |
| 41:28 | overkill_0.1 · resign |
[ ANÁLISIS IA · 1 CRÉDITO ]
¿Qué pasó realmente en esta partida?
Wolo.gg analiza cada decisión: build order, eco, micro, errores típicos por bracket. Análisis personalizado por WhatsApp o Discord en 30 segundos.
Guía civ
Birmanos
Perfil
Jugador #20944940